 Dungeon Crawl Stone Soup version 0.30-a0-618-gd6c86c23d0 (webtiles) character file.

Game seed: 10186012472050462967

3511 Leeroy the Covert (level 10, -5/50 HPs)
             Began as a Kobold Enchanter on Jan 9, 2023.
             Was a Follower of Wu Jian.
             Slain by a wyvern (10 damage)
             ... on level 8 of the Dungeon.
             The game lasted 00:11:22 (8597 turns).

Leeroy the Covert (Kobold Enchanter)                Turns: 8597, Time: 00:11:22

Health: -5/50      AC:  3    Str:  7    XL:     10   Next: 28%
Magic:  13/19      EV: 14    Int: 16    God:    Wu Jian [*.....]
Gold:   432        SH:  4    Dex: 19    Spells: 10/21 levels left

rFire   . . .      SeeInvis .    q - +2 dagger (speed)
rCold   . . .      Faith    .    A - +0 buckler
rNeg    . . .      Spirit   .    b - +0 robe
rPois   .          Reflect  .    (no helmet)
rElec   .          Harm     .    (no cloak)
rCorr   .          Rampage  .    d - +0 pair of gloves
Will    .....                    (no boots)
Stlth   ++++++                   (no amulet)
HPRegen 0.28/turn                E - ring of wizardry
MPRegen 0.16/turn                (no ring)

@: confusing by touch, studying Fire Magic
A: small, no large weapons, nightstalker 3
a: Renounce Religion


You were on level 8 of the Dungeon.
You worshipped Wu Jian.
Wu Jian was aware of your devotion.
You visited 2 branches of the dungeon, and saw 9 of its levels.

You collected 432 gold pieces.

Inventory:

Hand Weapons
 a - a +1 dagger
 o - a +0 falchion
 q - a +2 dagger of speed (weapon)
 B - a +0 long sword
 D - a +0 rapier
Armour
 b - a +0 robe (worn)
 d - a +0 pair of gloves (worn)
 A - a +0 buckler (worn)
Jewellery
 E - a ring of wizardry (left hand)
Wands
 w - a wand of roots (11)
 x - a wand of flame (12)
 C - a wand of paralysis (19)
 F - a wand of mindburst (19)
Scrolls
 e - 3 scrolls of fog {unknown}
 h - a scroll of brand weapon {unknown}
 j - 3 scrolls of magic mapping {unknown}
 k - 7 scrolls of teleportation {unknown}
 l - a scroll of enchant weapon {unknown}
 m - 3 scrolls of immolation {unknown}
 p - 7 scrolls of identify {unknown}
 t - a scroll of enchant armour {unknown}
 y - 2 scrolls of fear {unknown}
 z - a scroll of blinking {unknown}
 G - a scroll of torment {unknown}
Potions
 c - a potion of invisibility
 f - a potion of haste {unknown}
 g - 3 potions of curing
 i - a potion of ambrosia {unknown}
 n - a potion of flight {unknown}
 r - a potion of berserk rage {unknown}
 s - 3 potions of brilliance {unknown}
 u - a potion of heal wounds {unknown}
 v - a potion of lignification {unknown}
 H - a potion of degeneration {unknown}


   Skills:
 - Level 1.3 Short Blades
 + Level 2.4 Dodging
 - Level 12.4 Stealth
 - Level 6.0 Spellcasting
 - Level 10.3 Hexes


You had 10 spell levels left.
You knew the following spells:

 Your Spells              Type           Power      Damage    Failure   Level
a - Ensorcelled Hibernat  Hex/Ice        42%        N/A       1%          2
b - Confusing Touch       Hex            37%        N/A       1%          3
c - Tukima's Dance        Hex            37%        N/A       1%          3
d - Dazzling Flash        Conj/Hex       42%        N/A       3%          3

Your spell library contained the following spells:

 Spells                   Type           Power      Damage    Failure   Level
 Sublimation of Blood     Necr           4%         N/A       13%         2
 Wereblood                Tmut           4%         N/A       13%         2
 Summon Hydra             Summ           2%         N/A       100%        7


Dungeon Overview and Level Annotations

Branches:
Dungeon (8/15)             Temple (1/1) D:5
   Lair: D:8-11

Altars:
Ashenzari
Cheibriados
Dithmenos
Elyvilon
Fedhas
Gozag
Kikubaaqudgha
Nemelex Xobeh
Okawaru
Ru
Uskayaw
Vehumet
Wu Jian
Xom
Yredelemnul

Shops:
D:1 (   D:7 (

Annotations:
D:2 Robin
D:5 2 runed translucent doors
D:8 Erica


Innate Abilities, Weirdness & Mutations

You are small and have problems with some larger weapons.
You are completely attuned to the shadows.


Message History

The wyvern closely misses you. The wyvern closely misses you.
An orc warrior comes into view. It is wielding a +0 flail.
Casting: Confusing Touch (safe; 1% risk of failure)
Confirm with . or Enter, or press ? or * to list all spells.
Your hands begin to glow red.
You block the wyvern's attack. The wyvern barely misses you.
You barely miss the wyvern. You hit the wyvern but do no damage.
The wyvern bites you!!
* * * LOW HITPOINT WARNING * * *
Okay, then.
Okay, then.
Okay, then.
It was a potion of curing.
You feel better. The wyvern misses you. The wyvern bites you.
* * * LOW HITPOINT WARNING * * *
An orc comes into view. It is wielding a +0 dagger.
The orc warrior hits you with a +0 flail.
* * * LOW HITPOINT WARNING * * *
You spin and attack the orc warrior repeatedly.
The orc shouts!
You hit the orc warrior but do no damage.
You barely miss the orc warrior.
You hear a shout!
You block the orc warrior's attack.
Things that are here:
a +0 club; an orc skeleton The wyvern completely misses you.
Casting: Confusing Touch (safe; 1% risk of failure)
Confirm with . or Enter, or press ? or * to list all spells.
Okay, then.
Unknown command.
Casting: Confusing Touch (safe; 1% risk of failure)
Confirm with . or Enter, or press ? or * to list all spells.
Aiming: Ensorcelled Hibernation (safe; 1% risk of failure)
Press: ? - help, Shift-Dir - straight line, f - wyvern
Aim: a wyvern (chance to confuse on hit: 64%, chance to affect: 53%)
The wyvern resists with significant effort.
The wyvern bites you!
You die...

##.........##........#
...###...###..#..##..
.### ###....@....##.#
.. ## ###....##.##.#...
# #.#...)).#)#...
##...###...)....
#.......oo......
####.....##l#))#...
#####.......###@#......
##.....##....#
#.#.#....
...###########
#...###.. ...# ###.# #.
..## ### ..# ..# ###


You could see an orc warrior, a wyvern and an orc.

Vanquished Creatures
  A two-headed ogre (D:8)
  A troll (D:6)
  A black bear (D:5)
  3 orc warriors
  3 sky beasts
  An ogre (D:6)
  2 phantoms
  3 kobold brigands
  2 bullfrogs
  A gnoll sergeant (D:6)
  3 scorpions
  4 killer bees (D:7)
  3 howler monkeys (D:8)
  4 hounds
  2 jellies
  An orc priest (D:5)
  A gnoll bouda (D:3)
  Terence (D:2)
  4 iguanas
  9 orc wizards
  13 gnolls
  7 adders
  A shadow imp (D:6)
  A white imp (D:7)
  4 ufetubi
  4 dart slugs
  24 orcs
  8 endoplasms
  3 giant cockroaches
  8 goblins
  15 hobgoblins
  3 jackals (D:1)
  20 kobolds
  5 quokkas
  7 ball pythons
  5 bats
  2 frilled lizards
  A rat (D:3)
181 creatures vanquished.

Notes
Turn   | Place    | Note
-------+----------+-------------------------------------------
     0 | D:1      | Leeroy the Kobold Enchanter began the quest for the Orb.
     0 | D:1      | Reached XP level 1. HP: 10/10 MP: 3/3
    22 | D:1      | Found Vevuego's Weapon Shop.
    89 | D:1      | Reached XP level 2. HP: 8/15 MP: 5/5
    92 | D:1      | Learned a level 2 spell: Ensorcelled Hibernation
   265 | D:1      | Reached skill level 5 in Stealth
   719 | D:1      | You fall into a shaft and drop 1 floor!
   732 | D:2      | Reached XP level 3. HP: 19/19 MP: 6/6
   735 | D:2      | Reached skill level 6 in Stealth
   739 | D:2      | Reached XP level 4. HP: 24/24 MP: 7/7
  1040 | D:2      | Reached skill level 7 in Stealth
  1140 | D:2      | Reached XP level 5. HP: 20/28 MP: 1/8
  1581 | D:2      | Noticed Terence
  1585 | D:2      | Killed Terence
  1586 | D:2      | Reached skill level 8 in Stealth
  1596 | D:2      | Noticed Robin
  2189 | D:3      | Reached XP level 6. HP: 32/32 MP: 9/9
  2326 | D:3      | Reached skill level 9 in Stealth
  3777 | D:4      | Reached XP level 7. HP: 9/36 MP: 7/10
  3941 | D:4      | Reached skill level 10 in Stealth
  3979 | D:4      | You fall into a shaft and drop 3 floors!
  4179 | D:7      | Found a snail-covered altar of Cheibriados.
  4278 | D:8      | Noticed a two-headed ogre
  4284 | D:8      | Killed a two-headed ogre
  4285 | D:8      | Reached skill level 12 in Stealth
  4285 | D:8      | Reached XP level 8. HP: 14/41 MP: 6/11
  4289 | D:8      | Learned a level 3 spell: Confusing Touch
  4293 | D:8      | Learned a level 3 spell: Tukima's Dance
  4297 | D:8      | Learned a level 3 spell: Dazzling Flash
  4591 | D:7      | Found Cahyuh's Weapon Boutique.
  4686 | D:7      | Reached XP level 9. HP: 45/45 MP: 12/12
  5343 | D:6      | Found a sacrificial altar of Ru.
  5537 | D:6      | Noticed a troll
  5544 | D:5      | Entered Level 5 of the Dungeon
  5994 | D:5      | Found Budov's Book Emporium.
  6131 | D:5      | Found a staircase to the Ecumenical Temple.
  6253 | Temple   | Entered the Ecumenical Temple
  6277 | Temple   | Became a worshipper of the Wu Jian Council
  6326 | D:5      | Found a shadowy altar of Dithmenos.
  6411 | D:5      | Found a large runed translucent door.
  6411 | D:5      | Found a large runed translucent door.
  6693 | D:5      | Found a sparkling altar of Nemelex Xobeh.
  7207 | D:6      | Found an iron altar of Okawaru.
  7373 | D:6      | Reached XP level 10. HP: 43/50 MP: 8/17
  7636 | D:6      | Reached skill level 5 in Spellcasting
  8181 | D:8      | Reached skill level 10 in Hexes
  8231 | D:8      | Reached * piety under Wu Jian
  8545 | D:8      | Found an opulent altar of Gozag.
  8579 | D:8      | Noticed Erica
  8597 | D:8      | Slain by a wyvern

Illustrated notes

Levels and vault maps discovered:
D:1:      erik_arrival_orb_chamber, layout_basic, serial_shops, shop
D:2:      layout_basic, uniq_terence, uniq_robin
D:3:      layout_basic, serial_curves, eino_curves_01, eino_curves_04,
          eino_curves_01, eino_curves_01
D:4:      layout_loops_ring, roderic_roman_lattice
D:5:      layout_basic, mainiacjoe_overflow_brackets,
          lemuel_coloured_pillars_altar, minmay_temple_entry_trees,
          ebering_ghost_disaster_area, serial_shops, shop
D:6:      layout_basic, nicolae_overflow_hidden_temple,
          nicolae_ru_path_of_blood, minmay_manual_moon
D:7:      layout_basic, kennysheep_mini_moat, serial_shops,
          nicolae_diamond_shop, minmay_liquid_box
D:8:      layout_rooms, grunt_gozag_breadcrumbs, hellmonk_bongcloud_opening,
          kennysheep_generic_room_11, uniq_erica, uniq_psyche
Temple:   zaba_magenta_temple

Skill      XL: |  1  2  3  4  5  6  7  8  9 10 |
---------------+-------------------------------+-----
Stealth        | 5 6 7 8 9 12 | 12.4
Hexes          | 6 9 10 | 10.3
Spellcasting   | 4 6 |  6.0
Short Blades   | |  1.3
Dodging        | |  2.4

Action                   |  1- 3 |  4- 6 |  7- 9 | 10-12 || total
-------------------------+-------+-------+-------+-------++-------
Melee: Dagger            |    42 |   203 |   226 |   121 ||   592
       Punch             |       |     1 |     1 |       ||     2
 Cast: Ensorcelled Hiber |       |    24 |    27 |     6 ||    57
       Confusing Touch   |       |       |       |    11 ||    11
Invok: Lunge             |       |       |     6 |     9 ||    15
       Whirlwind         |       |       |       |     9 ||     9
  Use: Potion            |       |       |     1 |     1 ||     2
 Stab: Sleeping          |    10 |    36 |    51 |     8 ||   105
       Invisible         |       |       |     1 |       ||     1
       Distracted        |       |       |     2 |     1 ||     3
       Confused          |       |       |       |     5 ||     5
Armor: Robe              |    16 |    14 |    16 |    14 ||    60
Dodge: Dodged            |    37 |   110 |   100 |    67 ||   314
Block: Buckler           |       |       |     7 |    21 ||    28

Table legend: (Time is in decaauts)
 A = Elapsed time spent in this place.
 B = Non-inter-level travel time spent in this place.
 C = Inter-level travel time spent in this place.
 D = Time resting spent in this place.
 E = Time spent auto-exploring this place.
 F = Levels seen in this place.
 G = Mean time per level.
                   A        B        C        D        E       F      G
               +--------+--------+--------+--------+--------+-----+--------+
         Total |   8432 |   8039 |    393 |    629 |   6035 |   9 |  936.9 |
       Dungeon |   8388 |   8012 |    376 |    629 |   6018 |   8 | 1048.5 |
        Temple |     43 |     26 |     17 |      0 |     17 |   1 |   43.0 |
               +--------+--------+--------+--------+--------+-----+--------+

Top non-repeatable levels by time:
     D:2: 1708 daAuts
     D:6: 1301 daAuts
     D:5: 1167 daAuts
     D:7: 1055 daAuts
     D:4: 1014 daAuts
     D:3: 853 daAuts
     D:1: 716 daAuts
     D:8: 569 daAuts
  Temple: 43 daAuts
